 Dungeon Crawl Stone Soup version 0.31-a0-1529-g7bd419a0e5 (webtiles) character file.

Game seed: 17173182995624461814

31 Flugslaktarn the Trooper (level 3, -16/34 HPs)
             Began as a Minotaur Fighter on Jan 1, 2024.
             Demolished by an ogre
             ... wielding a +0 giant club
              (26 damage)
             ... on level 3 of the Dungeon.
             The game lasted 00:00:40 (1494 turns).

Flugslaktarn the Trooper (Minotaur Fighter)         Turns: 1494, Time: 00:00:40

Health: -16/34     AC:  8    Str: 22    XL:     3   Next: 7%
Magic:  2/2        EV:  9    Int:  7    God:
Gold:   147        SH:  4    Dex:  9    Spells: 2/2 levels left

rFire   . . .        a - +0 war axe
rCold   . . .        c - +0 buckler
rNeg    + . .        k - +1 scale mail of the Sea {rN+ Regen+ Int+2}
rPois   .            (helmet restricted)
rElec   .            (no cloak)
rCorr   .            (no gloves)
SInv    .            (no boots)
Will    .....        (no amulet) Stlth
                     (no ring)
HPRegen 1.05/turn    (no ring)
MPRegen 0.08/turn

%: no passive effects
@: no status effects
A: horns 2, retaliatory headbutt
a: no special abilities


You were on level 3 of the Dungeon.
You visited 1 branch of the dungeon, and saw 3 of its levels.

You collected 147 gold pieces.

Inventory:

Hand Weapons
 a - a +0 war axe (weapon)
Armour
 b - a +0 scale mail
 c - a +0 buckler (worn)
 k - the +1 scale mail of the Sea (worn) {rN+ Regen+ Int+2}
   (You found it on level 2 of the Dungeon)

   Int+2:     It affects your intelligence (+2).
   rN+:       It protects you from negative energy.
   Regen+:    It increases your rate of health regeneration.
Scrolls
 f - a scroll of identify {unknown}
 l - a scroll of enchant weapon {unknown}
Potions
 d - a potion of might
 e - 2 potions of mutation {unknown}
 g - a potion of haste {unknown}
 h - a potion of heal wounds {unknown}
 i - a potion of enlightenment {unknown}
 j - a potion of brilliance {unknown}
 m - a potion of attraction {unknown}


   Skills:
 * Level 4.3 Fighting
 * Level 3.3 Axes
 + Level 3.9 Armour
 - Level 3.6 Shields


You had 2 spell levels left.
You didn't know any spells.
Your spell library contained the following spells:

 Spells                   Type           Power      Damage    Failure   Level
 Fugue of the Fallen      Necr           0%         N/A       99%         3
 Ozocubu's Armour         Ice            0%         N/A       99%         3
 Manifold Assault         Tloc           0%         N/A       100%        4


Dungeon Overview and Level Annotations

Branches:
Dungeon (3/15)

Altars:


Innate Abilities, Weirdness & Mutations

You have a pair of horns on your head.
You reflexively headbutt those who attack you in melee.


Message History

The rat squeaks loudly.
The rat moves out of view.
You slash the kobold!
You kill the kobold!
You block the rat's attack.
You hit the rat.
You kill the rat!
You have reached level 3!
Your experience leads to an increase in your attributes!
Your base attributes are Str 20, Int 5, Dex 9.
Increase (s)trength, (i)ntelligence, or (d)exterity?
You feel stronger. x2
You see here a rat corpse.
Found a stone staircase leading down.
You now have 109 gold pieces (gained 7).
There is a stone staircase leading down here.
A hobgoblin comes into view.
The hobgoblin shouts!
A hobgoblin is nearby!
No target in view!
No target in view!
No target in view!
No target in view!
No target in view!
No target in view!
No target in view!
A hobgoblin is nearby!
A hobgoblin is nearby!
Found a stone staircase leading down.
You block the hobgoblin's attack.
You closely miss the hobgoblin. The hobgoblin barely misses you. x2
You furiously retaliate!
You headbutt the hobgoblin!
You kill the hobgoblin!
No target in view!
No target in view!
No target in view!
You now have 119 gold pieces (gained 10).
You now have 128 gold pieces (gained 9).
A kobold comes into view. It is wielding a +0 antimagic dagger.
The kobold shouts!
The kobold throws a stone.
The stone hits you but does no damage.
The kobold throws a stone.
The stone barely misses you.
A kobold is nearby!
A kobold is nearby!
A kobold is nearby!
The kobold throws a stone.
The stone hits you but does no damage.
You slash the kobold!
You kill the kobold!
No target in view!
No target in view!
No target in view!
Things that are here:
a +0 antimagic dagger; a stone No target in view!
Found 6 stones.
You see here 6 stones.
You now have 143 gold pieces (gained 15).
Found an escape hatch in the floor.
Found an escape hatch in the ceiling.
There is an escape hatch in the floor here.
No target in view!
No target in view!
No target in view!
No target in view!
There is an escape hatch in the ceiling here.
A bat comes into view.
A bat is nearby!
A bat is nearby!
You slash the bat!
You kill the bat!
No target in view!
No target in view!
No target in view!
Done exploring.
Done exploring.
Done exploring.
No target in view!
You see here a bat corpse.
There is a stone staircase leading down here.
You climb downwards.
Found a stone staircase leading down.
There is a stone staircase leading up here.
Found 7 stones.
Found 6 stones.
You now have 147 gold pieces (gained 4).
You open the door.
An ogre comes into view. It is wielding a +0 giant club.
The ogre shouts!
There is an open door here.
You hit the ogre.
The ogre is moderately wounded.
The ogre hits you with a +0 giant club!!
Ouch! That really hurt!
* * * LOW HITPOINT WARNING * * *
An ogre is nearby!
You are too injured to fight recklessly!
You slash the ogre!
The ogre is severely wounded.
The ogre hits you with a +0 giant club!!
Ouch! That really hurt!
You die...

#.#...........#...######
#. #.#.###.########.##
#. #.#...#.# #.# #.
#.#.#.#.# #.# #.
#.#.....# #+## ##.
###.......# #...## #..
#.........# #.....# ##.#
#.#####...# ##.......
##..#
###.#####...####@O......
####...#
...............'........
+.......
###.........####........
####...# #####.##.##
##....... ##..# #.####
#.....# #.... #.# #...##
#.### #.# #####
#+########.# #.# #..<#
#.#........### #.#
###...####.#.#####.....


You could see an ogre.

Vanquished Creatures
  2 dart slugs (D:1)
  2 endoplasms (D:2)
  2 giant cockroaches (D:1)
  4 goblins (D:1)
  2 hobgoblins
  2 quokkas
  A bat (D:2)
  3 frilled lizards
  6 kobolds
  3 rats
27 creatures vanquished.

Notes
Turn   | Place    | Note
-------+----------+-------------------------------------------
     0 | D:1      | Flugslaktarn the Minotaur Fighter began the quest for the
                  | Orb.
     0 | D:1      | Reached XP level 1. HP: 19/19 MP: 0/0
   181 | D:1      | Found a faded altar of an unknown god.
   415 | D:1      | Reached XP level 2. HP: 23/27 MP: 1/1
   418 | D:1      | Reached skill level 4 in Fighting
   905 | D:2      | Identified the +1 scale mail of the Sea {rN+ Regen+ Int+2}
  1216 | D:2      | Reached XP level 3. HP: 33/33 MP: 2/2
  1490 | D:3      | Noticed an ogre
  1494 | D:3      | Demolished by an ogre

Illustrated notes

Levels and vault maps discovered:
D:1:      reono_arrival_mine, layout_loops_corners,
          chequers_ecumenical_altar_simple_redux
D:2:      layout_loops_ring, minmay_misc_feat_secret_circle
D:3:      layout_loops_corners, evilmike_ruin_ashenzari

Skill      XL: |  1  2 |
---------------+-------+-----
Fighting       | 4 |  4.3
Axes           | 3 |  3.3
Armour         | |  3.9
Shields        | |  3.6

Action                     || total
---------------------------++-------
  Melee: War axe           ||    39
         Headbutt          ||     4
 Armour: Scale mail        ||    27
  Dodge: Dodged            ||    20
  Block: Buckler           ||     8

Table legend: (Time is in decaauts)
 A = Elapsed time spent in this place.
 B = Non-inter-level travel time spent in this place.
 C = Inter-level travel time spent in this place.
 D = Time resting spent in this place.
 E = Time spent auto-exploring this place.
 F = Levels seen in this place.
 G = Mean time per level.
                   A        B        C        D        E       F      G
               +--------+--------+--------+--------+--------+-----+--------+
         Total |   1508 |   1414 |     94 |      0 |   1221 |   3 |  502.7 |
       Dungeon |   1508 |   1414 |     94 |      0 |   1221 |   3 |  502.7 |
               +--------+--------+--------+--------+--------+-----+--------+

Top non-repeatable levels by time:
     D:1: 886 daAuts
     D:2: 517 daAuts
     D:3: 104 daAuts
